 Dungeon Crawl Stone Soup version 0.29-a0-775-g4d7333d4e2 (webtiles) character file.

Game seed: 6053002561905629598

49606 Shayle the Fighter (level 14, -2/128 (135) HPs)
             Began as a Naga Ice Elementalist on June 30, 2022.
             Was a Believer of Ashenzari.
             Killed by divine providence
             ... invoked by an orc high priest
              (9 damage)
             ... on level 2 of the Orcish Mines on July 1, 2022.
             The game lasted 01:58:11 (20826 turns).

Shayle the Fighter (Naga Ice Elementalist)         Turns: 20826, Time: 01:58:12

HP:   -2/128 (135)  AC: 24    Str: 16    XL:     14   Next: 51%
MP:   7/26          EV: 15    Int: 20    God:    Ashenzari [**....]
Gold: 1806          SH:  0    Dex: 13    Spells: 2/29 levels left

rFire   + . .      SeeInvis +     - Unarmed
rCold   . . .      Faith    .   (no shield)
rNeg    . . .      Spirit   .   w - +2 steam dragon scales
rPois   +          Reflect  .   m - +2 helmet of Ashenzari's Stickiness {Melee, Fort} (curse)
rElec   .          Harm     .   (no cloak)
rCorr   .          Rampage  .   t - +2 pair of gloves
Will    +....                   h - +1 barding {rF+}
Stlth   ++++......              c - amulet of regeneration
HPRegen 1.11/turn               n - ring "Share My Omen" {Str+6, Self, Cun} (curse)
MPRegen 0.20/turn               Q - ring "Gaze Upon Infinity" {EV+4, Alch, Bglg} (curse)

@: slightly contaminated, drained, very slow
A: AC +4, large, see invisible, deformed body, poison resistance, slowness 2,
spit poison 1, naga tail 2
a: Spit Poison, Renounce Religion, Curse Item, Shatter the Chains


You were on level 2 of the Orcish Mines.
You worshipped Ashenzari.
Ashenzari was pleased with you.
You visited 4 branches of the dungeon, and saw 19 of its levels.
You also visited: Gauntlet.

You collected 1806 gold pieces.

Inventory:

Hand Weapons
 p - a +1 demon whip of venom
 s - a +1 war axe of freezing
 x - a +7 flail
 Z - a +5 mace of holy wrath
Missiles
 u - 2 throwing nets
 M - 5 silver javelins
 X - 7 curare-tipped darts (quivered)
Armour
 h - a +1 barding of fire resistance (worn)
 m - the cursed +2 helmet of Ashenzari's Stickiness (worn) {Melee, Fort}
   (You found it on level 2 of the Dungeon)

   It has a curse which improves the following skills: Melee Combat: Short
   Blades, Long Blades, Axes, Maces & Flails, Polearms, Staves and Unarmed
   Combat.
   Fortitude: Armour and Shields.
 t - a +2 pair of gloves (worn)
 w - +2 steam dragon scales (worn)
 O - a +0 leather armour of fire resistance
Jewellery
 c - an amulet of regeneration (around neck)
 n - the cursed ring "Share My Omen" (left hand) {Str+6, Self, Cun}
   (You found it on level 2 of the Dungeon)

   [ring of strength]

   Str:       It affects your strength (+6).
   It has a curse which improves the following skills: Introspection: Fighting
   and Spellcasting.
   Cunning:   Dodging and Stealth.
 Q - the cursed ring "Gaze Upon Infinity" (right hand) {EV+4, Alch, Bglg}
   (You found it on level 8 of the Dungeon)

   [ring of evasion]

   EV:        It affects your evasion (+4).
   It has a curse which improves the following skills: Alchemy: Poison Magic and
   Transmutations.
   Beguiling: Conjurations, Hexes and Translocations.
Wands
 q - a wand of digging (4)
 P - a wand of flame (14)
Scrolls
 i - 6 scrolls of poison
 j - 6 scrolls of immolation
 k - 2 scrolls of fear
 l - a scroll of teleportation
 o - 3 scrolls of magic mapping
 r - 3 scrolls of torment
 y - 4 scrolls of amnesia
 B - 3 scrolls of fog
 R - a scroll of blinking
 U - a scroll of silence
Potions
 a - a potion of invisibility
 b - 4 potions of magic
 d - 2 potions of haste
 e - 2 potions of curing
 f - 3 potions of flight
 g - 2 potions of resistance
 A - a potion of lignification
 F - a potion of cancellation
 H - 2 potions of attraction
 J - a potion of berserk rage
 L - 3 potions of ambrosia
 N - 5 potions of brilliance
 T - a potion of mutation
Miscellaneous
 E - a box of beasts (inert)
 W - a phial of floods (inert)


   Skills:
 + Level 10.0(11.2) Fighting
 - Level 7.0(8.3) Armour
 - Level 7.1(8.4) Dodging
 - Level 7.9(9.2) Stealth
 - Level 4.0(5.1) Shields
 - Level 9.3(10.6) Unarmed Combat
 - Level 6.8(8.1) Spellcasting
 - Level 9.1(10.4) Conjurations
 * Level 7.4 Fire Magic
 - Level 4.0 Ice Magic
 - Level 6.0 Earth Magic
 - Level 4.4(5.6) Poison Magic
 - Level 5.8 Evocations


You had 2 spell levels left.
You knew the following spells:

 Your Spells              Type           Power      Damage    Failure   Level
a - Freeze                Ice            96%        1d11      1%          1
b - Frozen Ramparts       Ice            48%        1d6       4%          3
c - Foxfire               Conj/Fire      100%       2x1d9     1%          1
d - Ozocubu's Armour      Ice            24%        N/A       4%          3
e - Hailstorm             Conj/Ice       36%        3d9       4%          4
f - Starburst             Conj/Fire      21%        6d7       32%         6
g - Lee's Rapid Deconstr  Erth           16%        3d11*     19%         5
h - Flame Wave            Conj/Fire      43%        2d9       2%          4

Your spell library contained the following spells:

 Spells                   Type           Power      Damage    Failure   Level
 Apportation              Tloc           16%        N/A       9%          1
 Necrotize                Necr           32%        1d5       9%          1
 Summon Small Mammal      Summ           32%        N/A       9%          1
 Sublimation of Blood     Necr           8%         N/A       13%         2
 Conjure Flame            Conj/Fire      43%        6-21      1%          3
 Dazzling Flash           Conj/Hex       58%        N/A       3%          3
 Inner Flame              Hex/Fire       23%        N/A       5%          3
 Fulminant Prism          Conj/Hex       14%        3d9       10%         4
 Iskenderun's Mystic Bla  Conj/Tloc      29%        2d7       10%         4
 Gell's Gravitas          Tloc           8%         N/A       24%         3
 Summon Guardian Golem    Hex/Summ       8%         N/A       24%         3
 Teleport Other           Tloc           8%         N/A       24%         3
 Petrify                  Tmut/Erth      20%        N/A       24%         4
 Call Canine Familiar     Summ           8%         N/A       26%         3
 Vampiric Draining        Necr           8%         2d6       26%         3
 Irradiate                Conj/Tmut      14%        3d18      26%         5
 Ice Form                 Ice/Tmut       16%        N/A       34%         4
 Summon Ice Beast         Ice/Summ       16%        N/A       36%         4
 Alistair's Intoxication  Tmut/Pois      12%        N/A       58%         5
 Animate Dead             Necr           8%         N/A       63%         4
 Agony                    Necr           8%         N/A       93%         5
 Dispersal                Tloc           4%         N/A       100%        6
 Haunt                    Necr/Summ      4%         N/A       100%        7
 Infestation              Necr           4%         N/A       100%        8


Dungeon Overview and Level Annotations

Branches:
Dungeon (10/15)            Temple (1/1) D:5            Lair (6/6) D:8
  Swamp (0/4) Lair:4       Spider (0/4) Lair:2        Slime (0/5) Lair:5
    Orc (2/2) D:9             Elf (0/3) Orc:2       Gauntlet (visited)

Altars:
Ashenzari
Cheibriados
Dithmenos
Elyvilon
Fedhas
Gozag
Hepliaklqana
Kikubaaqudgha
Makhleb
Nemelex Xobeh
Okawaru
Qazlal
Ru
Sif Muna
Trog
Uskayaw
Vehumet
Wu Jian
Xom
Yredelemnul
Zin
The Shining One
Beogh

Shops:
D:1 :

Annotations:
D:3 1 runed translucent door, Crazy Yiuf


Innate Abilities, Weirdness & Mutations

Your serpentine skin is tough. (AC +4)
You have supernaturally acute eyesight. (SInv)
Armour fits poorly on your strangely shaped body.
Your system is resistant to poisons. (rPois)
You cover ground very slowly.
You can spit poison.
You can use your snake-like lower body to constrict enemies.


Message History

A rock wall.
You miscast Lee's Rapid Deconstruction.
You feel a surge of energy from the ground.
The sixfirhy barely misses you.
The sixfirhy hits you but does no damage.
The ufetubus misses you. The ufetubus completely misses you.
The sixfirhy hits you but does no damage.
The ufetubus barely misses you.
The ufetubus hits you but does no damage. x3
The ufetubus barely misses you.
The ufetubus hits you but does no damage.
The orc priest yells loudly.
The orc misses you. The orange demon stings you from afar.
* * * LOW HITPOINT WARNING * * *
The sixfirhy hits you but does no damage.
The ynoxinul misses you.
Unknown command.
Casting: Lee's Rapid Deconstruction (dangerous; 19% risk of failure)
Confirm with . or Enter, or press ? or * to list all spells.
Aiming: Lee's Rapid Deconstruction (dangerous; 19% risk of failure)
Press: ? - help, Dir - move target A rock wall.
You miscast Lee's Rapid Deconstruction.
You are lightly contaminated with residual magic.
The floor shifts beneath you alarmingly.
The sixfirhy hits you but does no damage.
The sixfirhy closely misses you. The ufetubus barely misses you.
The ufetubus completely misses you. The sixfirhy hits you!
* * * LOW HITPOINT WARNING * * *
The sixfirhy shocks you!
* * * LOW HITPOINT WARNING * * *
The ufetubus hits you but does no damage.
The ufetubus barely misses you.
The ufetubus hits you but does no damage.
The ufetubus barely misses you. The orc closely misses you.
The orc priest calls upon Beogh to heal the orc high priest.
The orc high priest is healed somewhat.
The orc high priest calls down the wrath of Beogh upon you.
Beogh smites you!
You die...

* #............#{ ,, *
##.....).....#{ , ###
##............#{, *,*
###.####.......).....# {, .#
##.....#....[...<.....#######.##
#..............o.)..............
#.............5h55..............
##....<.......5o3o..............
#...........55@3o5.............
##............#5)#)............
###....)......#4)...#...#.....
#........#.........#.#.###..
#..##.......#......#....###.
#...###.................###.)
##.## ###.#..#..........####)
### ###......#..)...#..).
###.....#............


You could see an orc high priest, an orange demon (summoned), a sixfirhy
(summoned), a ynoxinul (summoned), a warg, 2 orc priests, an orc and 8 ufetubi.

Vanquished Creatures
  A minotaur (Gauntlet)
  5 hydras
  Erolcha (Orc:2)
  4 catoblepae (Lair:6)
  A two-headed ogre (Orc:2)
  8 death yaks
  2 orc high priests (Orc:2)
  Amaemon (D:8)
  An orc knight (Orc:1)
  A lindwurm (Lair:6)
  3 oklob plants (Lair:4)
  2 manticores (Lair:6)
  11 elephants
  2 torpor snails
  4 black mambas
  An orange demon (D:8)
  An apocalypse crab (Gauntlet)
  13 cane toads
  5 rime drakes
  8 komodo dragons
  A polar bear (Lair:5)
  3 trolls
  A hornet (D:8)
  3 slime creatures (Lair:5)
  A tarantella (Lair:2)
  6 blink frogs
  4 dream sheep (Lair:4)
  Grinder (D:4)
  A wraith (D:8)
  40 yaks
  A wyvern (D:8)
  2 basilisks
  7 steam dragons
  7 wargs
  Edmund (D:4)
  8 water moccasins
  An acid dragon (D:9)
  4 black bears
  A sky beast (D:7)
  2 ogres
  12 orc warriors
  6 wolves
  2 centaurs
  A phantom (D:5)
  2 kobold brigands
  2 gnoll sergeants
  9 bullfrogs
  2 scorpions (D:8)
  14 wights
  7 killer bees
  An electric eel (Lair:4)
  4 howler monkeys
  A lava snake (Lair:4)
  2 hounds (D:5)
  2 jellies
  15 orc priests
  2 boudas
  Ijyb (D:4)
  Terence (D:2)
  3 iguanas
  11 orc wizards
  6 hell rats
  14 gnolls
  6 adders
  11 river rats (Lair:5)
  2 white imps
  2 ufetubi (D:4)
  2 worms (D:2)
  5 dart slugs
  44 orcs
  3 bats
  14 endoplasms
  A giant cockroach (D:1)
  7 goblins
  4 hobgoblins
  2 quokkas
  4 ball pythons
  4 frilled lizards
  15 kobolds
  5 rats
  A fire vortex (Lair:4)
422 creatures vanquished.

Vanquished Creatures (collateral kills)
  2 death yaks (Lair:6)
  A foxfire (Lair:4)
3 creatures vanquished.

Vanquished Creatures (others)
  A bullfrog (D:9)
  A white imp (D:7)
  An orc (D:7)
  3 demonic plants (Gauntlet)
  281 foxfires
  143 fungi
  163 plants
593 creatures vanquished.

Grand Total: 1018 creatures vanquished

Notes
Turn   | Place    | Note
-------+----------+-------------------------------------------
     0 | D:1      | Shayle the Naga Ice Elementalist began the quest for the
                  | Orb.
     0 | D:1      | Reached XP level 1. HP: 15/15 MP: 3/3
   321 | D:1      | Reached XP level 2. HP: 24/24 MP: 5/5
   389 | D:1      | Found Marigupo's Book Shoppe.
   909 | D:2      | Reached skill level 1 in Fighting
   909 | D:2      | Reached skill level 1 in Unarmed Combat
   951 | D:2      | Found a faded altar of an unknown god.
   996 | D:2      | Reached XP level 3. HP: 12/31 MP: 0/6
  1179 | D:2      | Found a glowing golden altar of the Shining One.
  1562 | D:2      | Reached XP level 4. HP: 38/38 MP: 7/7
  1860 | D:2      | Noticed Terence
  1863 | D:2      | Killed Terence
  2094 | D:3      | Found a runed translucent door.
  2095 | D:3      | Noticed Crazy Yiuf
  2429 | D:3      | Found a hide-covered altar of Uskayaw.
  2887 | D:3      | Reached XP level 5. HP: 28/45 MP: 9/9
  3007 | D:3      | Learned a level 1 spell: Foxfire
  3011 | D:3      | Learned a level 3 spell: Frozen Ramparts
  3015 | D:3      | Learned a level 3 spell: Ozocubu's Armour
  3095 | D:4      | Reached skill level 2 in Fighting
  3147 | D:4      | Noticed Edmund
  3156 | D:4      | Killed Edmund
  3157 | D:4      | Reached skill level 5 in Stealth
  3157 | D:4      | Reached skill level 1 in Conjurations
  3157 | D:4      | Reached skill level 1 in Fire Magic
  3157 | D:4      | Reached skill level 1 in Evocations
  3157 | D:4      | Reached XP level 6. HP: 31/54 MP: 2/10
  3375 | D:4      | Noticed Grinder
  3626 | D:4      | Noticed Ijyb
  3777 | D:4      | Paralysed by Ijyb for 3 turns
  3782 | D:4      | Killed Ijyb
  3816 | D:4      | Found a hazy altar of Hepliaklqana.
  3911 | D:4      | Killed Grinder
  3912 | D:4      | Reached XP level 7. HP: 61/61 MP: 9/12
  4097 | D:4      | Reached skill level 3 in Fighting
  4457 | D:5      | Entered Level 5 of the Dungeon
  4610 | D:5      | Reached XP level 8. HP: 66/69 MP: 10/13
  4743 | D:5      | Found a staircase to the Ecumenical Temple.
  4753 | Temple   | Entered the Ecumenical Temple
  5051 | Temple   | Became a worshipper of Ashenzari the Shackled
  5993 | D:6      | Found a shadowy altar of Dithmenos.
  6210 | D:6      | Identified a scroll of acquirement
  6210 | D:6      | Acquired a +1 war axe of freezing
  7601 | D:7      | Identified the +0 robe of Dojal {rF+ Str+3}
  7683 | D:7      | Reached skill level 4 in Fighting
  7683 | D:7      | Reached skill level 1 in Shields
  7730 | D:7      | Reached skill level 1 in Armour
  7730 | D:7      | Reached XP level 9. HP: 49/71 MP: 15/15
  7778 | D:7      | Found a sparkling altar of Nemelex Xobeh.
  7907 | D:7      | Found an iron altar of Okawaru.
  7922 | D:7      | Reached * piety under Ashenzari
  8311 | D:8      | Noticed an orange demon
  8314 | D:8      | Noticed Amaemon
  8336 | D:8      | Killed an orange demon
  8418 | D:8      | Found a staircase to the Lair.
  8568 | D:8      | Reached skill level 5 in Spellcasting
  8601 | D:8      | Reached skill level 5 in Unarmed Combat
  8601 | D:8      | Reached XP level 10. HP: 70/91 MP: 15/18
  8678 | D:8      | Reached skill level 5 in Fighting
  8685 | D:8      | Killed Amaemon
  8714 | D:8      | Identified the cursed +2 helmet of Ashenzari's Stickiness
                  | {Melee, Fort} (You found it on level 2 of the Dungeon)
  8997 | Lair:1   | Entered Level 1 of the Lair of Beasts
  9000 | Lair:1   | Noticed a cane toad
  9024 | Lair:1   | Learned a level 4 spell: Hailstorm
  9101 | Lair:1   | Reached ** piety under Ashenzari
  9227 | Lair:1   | Noticed a cane toad
  9243 | Lair:1   | Killed a cane toad
  9305 | Lair:1   | Noticed a cane toad
  9313 | Lair:1   | Killed a cane toad
  9323 | Lair:1   | Reached skill level 5 in Evocations
  9325 | Lair:1   | Reached skill level 5 in Conjurations
  9330 | Lair:1   | Killed a cane toad
  9333 | Lair:1   | Reached skill level 5 in Fire Magic
  9535 | Lair:1   | Noticed a black mamba
  9548 | Lair:1   | Killed a black mamba
  9924 | Lair:2   | Noticed a cane toad
  9932 | Lair:2   | Killed a cane toad
  9933 | Lair:2   | Reached XP level 11. HP: 100/100 MP: 18/21
 10331 | Lair:2   | Noticed a six-headed hydra
 10343 | Lair:2   | Killed a six-headed hydra
 10344 | Lair:2   | Reached skill level 6 in Fighting
 10468 | Lair:2   | Reached skill level 1 in Poison Magic
 10668 | Lair:2   | Found a hole to the Spider Nest.
 11164 | Lair:3   | Learned a level 6 spell: Starburst
 12385 | Lair:4   | Found a staircase to the Swamp.
 12506 | Lair:4   | Reached XP level 12. HP: 82/110 MP: 16/23
 13063 | Lair:4   | Reached skill level 7 in Fighting
 13907 | Lair:5   | Learned a level 5 spell: Lee's Rapid Deconstruction
 13912 | Lair:5   | Noticed a four-headed hydra
 13920 | Lair:5   | Noticed a six-headed hydra
 13932 | Lair:5   | Killed a six-headed hydra
 13984 | Lair:5   | Reached skill level 1 in Earth Magic
 14004 | Lair:5   | Reached skill level 5 in Dodging
 14005 | Lair:5   | Reached skill level 5 in Armour
 14112 | Lair:5   | Found a staircase to the Slime Pits.
 14546 | Lair:5   | Noticed a six-headed hydra
 14569 | Lair:5   | Killed a six-headed hydra
 14964 | Lair:5   | Killed a four-headed hydra
 15477 | Lair:6   | Entered Level 6 of the Lair of Beasts
 15483 | Lair:6   | Learned a level 4 spell: Flame Wave
 15488 | Lair:6   | Noticed a death yak
 15508 | Lair:6   | Found a gate leading to a gauntlet.
 15523 | Gauntlet | Entered a Gauntlet
 15523 | Gauntlet | Found a transporter.
 15523 | Gauntlet | Found a transporter.
 15524 | Gauntlet | Found a runed translucent door.
 15530 | Gauntlet | Found a transporter.
 15542 | Gauntlet | Found a transporter.
 15559 | Gauntlet | Found a transporter.
 15559 | Gauntlet | Found a transporter.
 15560 | Gauntlet | Found a transporter.
 15563 | Gauntlet | Found a transporter.
 15563 | Gauntlet | Found a transporter.
 15572 | Gauntlet | Noticed a great orb of eyes
 15577 | Gauntlet | Found a transporter.
 15577 | Gauntlet | Identified the ring "Loje" {rF+ rC- rN+ rCorr Stlth+}
 15590 | Gauntlet | Noticed an eight-headed hydra
 15593 | Gauntlet | Found a transporter.
 15603 | Gauntlet | Found a transporter.
 15604 | Gauntlet | Identified the +1 helmet of Nemelex Xobeh's Envy {Will+
                  | Stlth+}
 15618 | Gauntlet | Found a transporter.
 15637 | Gauntlet | Found a transporter.
 15706 | Gauntlet | Reached skill level 8 in Fighting
 15714 | Gauntlet | Gained mutation: You can use your snake-like lower body to
                  | constrict enemies. [Naga growth]
 15714 | Gauntlet | Reached XP level 13. HP: 121/121 MP: 14/25
 15872 | Gauntlet | Noticed a minotaur
 15890 | Gauntlet | Killed a minotaur
 16012 | Lair:6   | Noticed an azure jelly
 16796 | Lair:6   | Reached skill level 5 in Earth Magic
 17057 | Lair:6   | Identified the ring "Yhakhlues" {*Corrode Fly rN+ Str+5}
 17207 | Lair:6   | Upgraded the game from 0.29-a0-757-g358383bc75 to
                  | 0.29-a0-775-g4d7333d4e2
 17242 | Lair:6   | Reached skill level 9 in Fighting
 17279 | Lair:6   | Reached XP level 14. HP: 116/133 MP: 2/26
 18588 | D:10     | Entered Level 10 of the Dungeon
 18973 | D:8      | Found the +7 staff of the Meek {protect, meekguard}
 19944 | D:9      | Found a staircase to the Orcish Mines.
 19972 | Orc:1    | Entered Level 1 of the Orcish Mines
 20293 | Orc:2    | Entered Level 2 of the Orcish Mines
 20579 | Orc:2    | Found a staircase to the Elven Halls.
 20638 | Orc:2    | Noticed Erolcha
 20649 | Orc:2    | Killed Erolcha
 20650 | Orc:2    | Reached skill level 10 in Fighting
 20826 | Orc:2    | Killed from afar by an orc high priest

Illustrated notes

Levels and vault maps discovered:
D:1:      lightli_arrival_flooded_house, layout_rooms, serial_shops,
          nicolae_square_shop
D:2:      minmay_thinvault, layout_basic, basic_altar,
          shapermc_ecumenical_altar_venn, uniq_terence
D:3:      layout_basic, amcnicky_altar_gilded, uniq_crazy_yiuf_cottage
D:4:      layout_loops_ring, lemuel_doored_altar, kennysheep_opposing_triangles,
          uniq_grinder, uniq_ijyb, uniq_edmund
D:5:      layout_cave_pools, temple_pool_b, mrwooster_statue_mirror,
          hangedman_decor_lopped
D:6:      layout_loops_corners, grunt_dithmenos_smoke_and_mirrors
D:7:      kennysheep_steamy, layout_rooms, mainiacjoe_overflow_catch_the_wave
D:8:      layout_basic, due_lair_maze_entry_diamond, pf_guarded_unrand_meek,
          uniq_amaemon
D:9:      layout_cross, orc_0_dummy, kennysheep_kite_vault
D:10:     layout_irregular_city, ebering_ghost_funeral_grove, uniq_gastronok
Temple:   minmay_temple_bridge_d
Lair:1:   layout_cave_pods, beast_lair_carwin_2
Lair:2:   layout_gridlike, spider_nest_entry_rubble, infiniplex_staircase_pool_2
Lair:3:   layout_roguey, serial_bayou_pond_a, nicolae_lair_grove_arrangements,
          serial_bayou_shore_a, grunt_megastairs_5
Lair:4:   layout_gridlike, swamp_mist_pool, dpeg_oklob_1, grunt_megastairs_4
Lair:5:   layout_small_grid, minmay_slime_entry_pillars, kennysheep_rathole
Lair:6:   evilmike_catoblepas_cave, layout_regular_city, gauntlet_entry_generic,
          st_stairs_3, nicolae_lair_time_for_slime, grunt_megastairs_3
Orc:1:    layout_diamond_mine
Orc:2:    st_orc_town, layout_caves, uniq_erolcha

Skill      XL: |  1  2  3  4  5  6  7  8  9 10 11 12 13 14 |
---------------+-------------------------------------------+-----
Fighting       | 1 2 3 4 5 6 8 9 10 | 10.0
Unarmed Combat | 1 2 3 4 5 6 7 9 |  9.3
Stealth        | 4 5 6 7 |  7.9
Spellcasting   | 3 4 5 6 |  6.8
Conjurations   | 1 2 3 4 5 6 7 8 9 |  9.1
Fire Magic     | 1 2 3 4 5 7 |  7.4
Evocations     | 1 2 3 4 5 |  5.8
Shields        | 1 2 3 4 |  4.0
Armour         | 1 2 3 4 5 6 7 |  7.0
Dodging        | 2 3 4 5 6 7 |  7.1
Poison Magic   | 3 4 |  4.4
Earth Magic    | 3 5 6 |  6.0
Ice Magic      | |  4.0

Action                   |  1- 3 |  4- 6 |  7- 9 | 10-12 | 13-15 || total
-------------------------+-------+-------+-------+-------+-------++-------
Melee: Unarmed           |    15 |       |       |   115 |   533 ||   663
       Mace              |    29 |    33 |       |       |       ||    62
       Punch             |     1 |     4 |     9 |    18 |    62 ||    94
       Short sword       |       |    26 |       |       |       ||    26
       Flail             |       |    29 |   199 |   258 |       ||   486
       Constrict         |       |       |       |       |   111 ||   111
Throw: Dart              |       |       |       |       |    10 ||    10
       Javelin           |       |       |       |       |     1 ||     1
 Cast: Freeze            |    37 |     7 |     1 |       |       ||    45
       Frozen Ramparts   |       |     9 |    31 |    63 |    66 ||   169
       Foxfire           |       |     2 |     7 |   121 |    20 ||   150
       Ozocubu's Armour  |       |       |     8 |     9 |     9 ||    26
       Hailstorm         |       |       |       |    11 |     5 ||    16
       Flame Wave        |       |       |       |       |     8 ||     8
       Lee's Rapid Decon |       |       |       |       |    31 ||    31
Invok: Curse Item        |       |       |     2 |     1 |       ||     3
 Abil: Spit Poison       |    13 |     9 |     1 |     1 |     3 ||    27
Evoke: Wand              |       |     1 |     7 |     1 |     3 ||    12
       Box of beasts     |       |       |       |       |     1 ||     1
       Phial of floods   |       |       |       |       |     1 ||     1
  Use: Scroll            |       |     4 |    13 |     3 |     7 ||    27
       Potion            |       |       |     3 |     4 |     2 ||     9
 Stab: Sleeping          |     4 |     6 |     3 |     1 |       ||    14
       Paralysed         |       |     6 |    10 |     3 |       ||    19
Armor: Robe              |    12 |    16 |    23 |       |       ||    51
       Steam dragon scal |       |       |    93 |   208 |   392 ||   693
       Ring mail         |       |       |    15 |       |       ||    15
       Skin              |       |       |       |    20 |       ||    20
Dodge: Dodged            |    27 |    48 |   138 |   395 |   533 ||  1141

Table legend: (Time is in decaauts)
 A = Elapsed time spent in this place.
 B = Non-inter-level travel time spent in this place.
 C = Inter-level travel time spent in this place.
 D = Time resting spent in this place.
 E = Time spent auto-exploring this place.
 F = Levels seen in this place.
 G = Mean time per level.
                   A        B        C        D        E       F      G
               +--------+--------+--------+--------+--------+-----+--------+
         Total |  26050 |  24223 |   1827 |   4309 |  11981 |  20 | 1302.5 |
       Dungeon |  13170 |  12121 |   1049 |   2088 |   6670 |  10 | 1317.0 |
        Temple |    519 |    313 |    206 |      0 |    296 |   1 |  519.0 |
          Lair |  10766 |  10213 |    553 |   2011 |   4839 |   6 | 1794.3 |
  Orcish Mines |   1003 |    986 |     17 |    181 |    175 |   2 |  501.5 |
      Gauntlet |    591 |    591 |      0 |     29 |      0 |   1 |  591.0 |
               +--------+--------+--------+--------+--------+-----+--------+

Top non-repeatable levels by time:
     D:8: 2728 daAuts
  Lair:4: 2421 daAuts
  Lair:6: 2388 daAuts
     D:6: 2377 daAuts
  Lair:5: 1877 daAuts
     D:4: 1733 daAuts
     D:3: 1539 daAuts
  Lair:2: 1479 daAuts
     D:2: 1419 daAuts
  Lair:3: 1382 daAuts
  Lair:1: 1217 daAuts
     D:1: 1033 daAuts
     D:7: 990 daAuts
     D:5: 718 daAuts
Gauntlet: 591 daAuts
